 Dungeon Crawl Stone Soup version 0.29.1-1-gd02db6906a (webtiles) character file.

Game seed: 4958502423159229176

95 112233 the Sneak (level 4, -3/27 HPs)
             Began as an Octopode Fire Elementalist on Oct 11, 2022.
             Slain by an orc
             ... wielding a +0 war axe
              (11 damage)
             ... on level 3 of the Dungeon.
             The game lasted 00:02:04 (2519 turns).

112233 the Sneak (Octopode Fire Elementalist)       Turns: 2519, Time: 00:02:05

Health: -3/27      AC:  1    Str:  7    XL:     4   Next: 65%
Magic:  1/7        EV: 13    Int: 19    God:
Gold:   155        SH:  0    Dex: 12    Spells: 5/8 levels left

rFire   . . .      SeeInvis .   c - +2 dagger (holy)
rCold   . . .      Faith    .   (no shield)
rNeg    . . .      Spirit   .   (helmet restricted)
rPois   .          Reflect  .   (no amulet)
rElec   .          Harm     .   (no ring)
rCorr   .          Rampage  .   (no ring)
Will    .....                   (no ring)
Stlth   +++.......              (no ring)
HPRegen 0.09/turn               (no ring)
MPRegen 0.10/turn               (no ring)
                                (no ring)
                                (no ring)

@: no status effects
A: almost no armour, amphibious, 8 rings, camouflage 1, gelatinous body 1,
(nimble swimmer 1), tentacles
a: no special abilities


You were on level 3 of the Dungeon.
You visited 1 branch of the dungeon, and saw 3 of its levels.

You collected 155 gold pieces.

Inventory:

Hand Weapons
 c - a +2 dagger of holy wrath (weapon)
 f - a +1 vampiric falchion
Jewellery
 k - an amulet of the acrobat
Scrolls
 b - 5 scrolls of identify {unknown}
 d - a scroll of enchant armour {unknown}
 h - a scroll of fear {unknown}
 i - a scroll of torment {unknown}
 j - a scroll of vulnerability {unknown}
Potions
 a - a potion of magic
 e - a potion of haste {unknown}
 g - a potion of degeneration {unknown}


   Skills:
 + Level 2.6 Dodging
 + Level 3.7 Stealth
 + Level 2.6 Spellcasting
 + Level 2.0 Conjurations
 + Level 3.5 Fire Magic


You had 5 spell levels left.
You knew the following spells:

 Your Spells              Type           Power      Damage    Failure   Level
a - Foxfire               Conj/Fire      52%        2x1d6     4%          1
b - Scorch                Fire           32%        2d6       5%          2

Your spell library contained the following spells:

 Spells                   Type           Power      Damage    Failure   Level
 Conjure Flame            Conj/Fire      13%        6-21      16%         3
 Inner Flame              Hex/Fire       9%         N/A       22%         3
 Portal Projectile        Hex/Tloc       4%         N/A       43%         3
 Summon Guardian Golem    Hex/Summ       2%         N/A       43%         3
 Tukima's Dance           Hex            2%         N/A       43%         3
 Flame Wave               Conj/Fire      13%        2d6       45%         4
 Summon Lightning Spire   Summ/Air       2%         N/A       85%         4
 Blade Hands              Tmut           1%         N/A       99%         5
 Monstrous Menagerie      Summ           1%         N/A       100%        7
 Orb of Destruction       Conj           5%         9d5       100%        7
 Spellforged Servitor     Conj/Summ      3%         N/A       100%        7


Dungeon Overview and Level Annotations

Branches:
Dungeon (3/15)

Altars:


Innate Abilities, Weirdness & Mutations

You cannot wear most types of armour.
You are amphibious.
You can wear up to eight rings at the same time.
Your skin changes colour to match your surroundings (Stealth+).
Your rubbery body absorbs attacks. (AC +1, EV +1)
((You are camouflaged when in or above water. (Stealth+)))
You have tentacles for arms and can constrict up to eight enemies at once.


Message History

The orc is heavily wounded.
The foxfire hits the orc.
You kill the orc!
An orc comes into view. It is wielding a +0 war axe.
Unknown command.
Casting: Foxfire (safe; 5% risk of failure)
Confirm with . or Enter, or press ? or * to list all spells.
You conjure some foxfire!
The foxfire hits the orc.
The orc is moderately wounded.
The foxfire hits the orc but does no damage.
The orc is moderately wounded.
Casting: Foxfire (safe; 5% risk of failure)
Confirm with . or Enter, or press ? or * to list all spells.
You conjure some foxfire!
The foxfire hits the orc.
The orc is heavily wounded.
The foxfire hits the orc.
The orc is severely wounded.
The orc attacks as you move away! The orc hits you with a +0 war axe.
Casting: Foxfire (safe; 5% risk of failure)
Confirm with . or Enter, or press ? or * to list all spells.
Flames lash the orc priest.
The orc priest is almost dead.
The orc priest's fire resistance burns away.
The orc priest hits you with a +0 dagger.
An orc comes into view. It is wielding a +0 hand axe.
The orc priest invokes the aid of Beogh against you.
Pain shoots through your body!
Ouch! That really hurt!
* * * LOW HITPOINT WARNING * * *
Unknown command.
Casting: Scorch (safe; 6% risk of failure)
Confirm with . or Enter, or press ? or * to list all spells.
Flames lash the orc priest.
The orc priest is burned terribly!
You kill the orc priest!
A bat comes into view.
The bat moves out of view.
Your Conjurations skill increases to level 2!
The orc hits you with a +0 war axe!
You die...

#.# ###..)#. #.# #.##
##....... ..#
#.##.##)##... #.#
...#.##.###.### #)#
#.............# #.#
#######(..#......<#.# #.#
#.[......###..#####.###.#
#)o.o## ##.# ##...##.#
#.###@###..###.###....
#.# #..#.#.....# #....
#.# #....#.###.###....
#.# #..#.#.####...##.#
#.# #..#.#.)..........
#.###........##...##.#
#........###....#....#
######.########...####
#...........##


You could see 2 orcs.

Vanquished Creatures
  An orc priest (D:3)
  An adder (D:3)
  A dart slug (D:1)
  An orc (D:3)
  A bat (D:2)
  4 endoplasms
  6 goblins
  5 hobgoblins
  12 jackals
  2 quokkas
  2 ball pythons
  4 frilled lizards
  5 kobolds
  2 rats
47 creatures vanquished.

Vanquished Creatures (others)
  132 foxfires
132 creatures vanquished.

Grand Total: 179 creatures vanquished

Notes
Turn   | Place    | Note
-------+----------+-------------------------------------------
     0 | D:1      | 112233 the Octopode Fire Elementalist began the quest for
                  | the Orb.
     0 | D:1      | Reached XP level 1. HP: 11/11 MP: 3/3
   356 | D:1      | Reached XP level 2. HP: 14/17 MP: 0/5
   825 | D:1      | Found a faded altar of an unknown god.
  1101 | D:1      | Reached XP level 3. HP: 21/21 MP: 4/6
  1540 | D:1      | Got the Papyrus of Convocation
  1874 | D:2      | Learned a level 2 spell: Scorch
  2374 | D:3      | Reached XP level 4. HP: 27/27 MP: 4/7
  2519 | D:3      | Slain by an orc

Illustrated notes

Levels and vault maps discovered:
D:1:      dpeg_arrival_morbid_curiosity, layout_loops_corners,
          hellmonk_ecumenical_altar_dog_temple
D:2:      layout_rooms
D:3:      layout_loops_ring, uniq_crazy_yiuf_cottage, uniq_terence

Skill      XL: |  1  2  3  4 |
---------------+-------------+-----
Stealth        | 3 |  3.7
Conjurations   | 2 |  2.0
Dodging        | |  2.6
Spellcasting   | |  2.6
Fire Magic     | |  3.5

Action                   |  1- 3 |  4- 6 || total
-------------------------+-------+-------++-------
Melee: Unarmed           |     3 |       ||     3
       Constrict         |     4 |       ||     4
       Dagger            |    14 |       ||    14
       Tentacles         |     1 |       ||     1
 Cast: Foxfire           |    73 |     8 ||    81
       Scorch            |       |     2 ||     2
Armor: Skin              |     6 |       ||     6
Dodge: Dodged            |    35 |       ||    35
